 Dungeon Crawl Stone Soup version 0.20.1-1-g8b1a95d (webtiles) character file.

918 gungr the Transmogrifier (level 8, -1/48 HPs)
             Began as an Octopode Transmuter on Oct 30, 2017.
             Was a Priest of Okawaru.
             Slain by a centaur (6 damage)
             ... on level 5 of the Dungeon on Oct 31, 2017.
             The game lasted 00:12:28 (4804 turns).

gungr the Transmogrifier (Octopode Transmuter)      Turns: 4804, Time: 00:12:28

Health: -1/48      AC:  2    Str: 10    XL:     8   Next: 9%
Magic:  8/11       EV: 19    Int: 17    God:    Okawaru [***...]
Gold:   160        SH:  0    Dex: 17    Spells: 5/11 levels left

rFire    . . .     SeeInvis .     - Unarmed
rCold    . . .     Gourm    .   (shield currently unavailable)
rNeg     . . .     Faith    +   (helmet currently unavailable)
rPois    x         Spirit   .   q - amulet of faith
rElec    .         Reflect  .   c - ring of stealth
rCorr    .         Harm     .   (no ring)
MR       .....                  (no ring)
Stlth    +++.......             (no ring)
Regen    0.2/turn               (no ring)
MPRegen  0.2/turn               (no ring)
                                (no ring)
                                (no ring)

@: spider-form (expiring)
A: almost no armour, stealthy swim, (amphibious), 8 rings, (constrict 8)
a: End Transformation, Heroism, Renounce Religion


You were on level 5 of the Dungeon.
You worshipped Okawaru.
Okawaru was most pleased with you.
You were not hungry.
You were a venomous arachnid creature.
You visited 1 branch of the dungeon, and saw 5 of its levels.

You collected 160 gold pieces.

Inventory:

Missiles
 a - 108 arrows
Jewellery
 c - a ring of stealth (left front leg)
 q - an amulet of faith (around neck)
 y - an uncursed amulet of rage {unknown}
Wands
 d - a wand of iceblast (7/15)
Scrolls
 e - a scroll of blinking {unknown}
 g - 5 scrolls of teleportation {unknown}
 h - a scroll of remove curse {unknown}
 i - a scroll of fog {unknown}
 k - a scroll of identify {unknown}
 n - a scroll of recharging {unknown}
Potions
 j - a potion of berserk rage {unknown}
 l - a potion of might {unknown}
 m - a potion of brilliance {unknown}
 o - a potion of heal wounds {unknown}
 p - a potion of agility {unknown}
 r - a potion of magic {unknown}
 s - a potion of mutation {unknown}
 t - a potion of curing {unknown}
 w - a potion of resistance {unknown}
Books
 b - a book of Changes

   Spells                             Type                      Level
   a - Beastly Appendage              Transmutation                1
   b - Sticks to Snakes               Transmutation                2
   c - Spider Form                    Transmutation/Poison         3
   d - Ice Form                       Ice/Transmutation            4
   e - Blade Hands                    Transmutation                5
 u - a book of Cantrips

   Spells                             Type                      Level
   a - Confusing Touch                Hexes                        1
   b - Animate Skeleton               Necromancy                   1
   c - Summon Small Mammal            Summoning                    1
   d - Apportation                    Translocation                1
Comestibles
 f - 2 bread rations
 v - 2 meat rations
 x - 5 fruits


   Skills:
 - Level 1.0 Fighting
 - Level 2.0 Dodging
 - Level 5.0 Unarmed Combat
 - Level 2.0 Spellcasting
 * Level 8.2 Transmutations


You had 5 spell levels left.
You knew the following spells:

 Your Spells              Type           Power        Failure   Level  Hunger
a - Beastly Appendage     Tmut           ####..       4%          1    #......
b - Sticks to Snakes      Tmut           ####....     5%          2    ###....
c - Spider Form           Tmut/Pois      ###.......   26%         3    ###....


Dungeon Overview and Level Annotations

Branches:
Dungeon (5/15)
 Temple: D:4-7

Altars:
Dithmenos
Fedhas
Okawaru
Sif Muna
Xom


Innate Abilities, Weirdness & Mutations

You cannot wear most types of armour.
You are very stealthy in the water. (Stealth+)
((You are amphibious.))
You can wear up to eight rings at the same time.
((You can use your tentacles to constrict eight enemies at once.))
((Your skin changes colour to match your surroundings (Stealth+).))
((Your rubbery body absorbs attacks. (AC +1, EV +1)))


Message History

You turn into a venomous arachnid creature.
The centaur unwields an uncursed shortbow.
The centaur closely misses you.
You hit the centaur.
The centaur is poisoned.
The centaur is lightly wounded.
The centaur hits you! x2
* * * LOW HITPOINT WARNING * * *
You completely miss the centaur.
The centaur is lightly wounded.
Your transformation is almost over.
The centaur closely misses you.
You hit the centaur but do no damage.
The centaur looks as sick as possible!
The centaur is lightly wounded.
The centaur hits you.
* * * LOW HITPOINT WARNING * * *
Okay, then.
You hit the centaur but do no damage.
The centaur looks as sick as possible!
The centaur is heavily wounded.
The centaur hits you.
You die...

#......# #.....# ##.##
#####.#######.### #)#
#.........# #.#
#.############# #.# #.#
#.......## #.#
#.#####.##.....####.#
#...................#
#.####(###.....####.....
#....(.sc.#...## #.###.
######[##.##.## #.#
#.#...#.# #.# #.......#
#.. ###...### #.. #...#
.. #...# #...#
.#######...####.


You could see a centaur.

Vanquished Creatures
  Grinder (D:4)
  2 ogres
  A centaur (D:5)
  A bullfrog (D:4)
  A hound (D:5)
  3 orc priests
  An orc wizard (D:4)
  Natasha (twice) (D:4)
  A worker ant (D:4)
  5 adders
  An ooze (D:2)
  2 worms
  A dart slug (D:2)
  4 leopard geckos
  13 orcs
  3 bats
  3 giant cockroaches
  7 hobgoblins
  3 jackals
  8 kobolds
  A quokka (D:2)
  3 ball pythons
  6 frilled lizards
  10 goblins
  A leopard gecko skeleton (D:4)
  10 rats
94 creatures vanquished.

Vanquished Creatures (collateral kills)
  An ogre (D:4)
  An orc wizard (D:4)
  Natasha (D:4)
  3 orcs
  A bat (D:3)
7 creatures vanquished.

Grand Total: 101 creatures vanquished

Notes
Turn   | Place    | Note
-------+----------+-------------------------------------------
     0 | D:1      | gungr the Octopode Transmuter began the quest for the Orb.
     0 | D:1      | Reached XP level 1. HP: 13/13 MP: 3/3
   368 | D:1      | Reached XP level 2. HP: 16/18 MP: 5/5
  1053 | D:2      | Reached XP level 3. HP: 23/23 MP: 6/6
  1054 | D:2      | Found an iron altar of Okawaru.
  1070 | D:2      | Became a worshipper of Warmaster Okawaru
  1520 | D:2      | Found a deep blue altar of Sif Muna.
  1915 | D:2      | Found a shadowy altar of Dithmenos.
  2037 | D:3      | Reached XP level 4. HP: 28/28 MP: 7/7
  2171 | D:3      | Reached skill level 5 in Unarmed Combat
  2198 | D:3      | Learned a level 2 spell: Sticks to Snakes
  2603 | D:3      | Reached XP level 5. HP: 33/33 MP: 6/8
  2604 | D:3      | Reached skill level 3 in Transmutations
  2826 | D:4      | Noticed an ogre
  2913 | D:4      | Reached * piety under Okawaru
  3205 | D:4      | Reached skill level 4 in Transmutations
  3226 | D:4      | Found a shimmering altar of Xom.
  3325 | D:3      | Learned a level 3 spell: Spider Form
  3333 | D:4      | Killed an ogre
  3333 | D:4      | Reached skill level 5 in Transmutations
  3333 | D:4      | Reached XP level 6. HP: 38/38 MP: 5/9
  3361 | D:4      | Noticed Natasha
  3367 | D:4      | Killed Natasha
  3494 | D:4      | Noticed Natasha
  3511 | D:4      | Killed Natasha
  3511 | D:4      | Reached skill level 6 in Transmutations
  3511 | D:4      | Reached XP level 7. HP: 20/43 MP: 3/10
  3961 | D:4      | Noticed Natasha
  3966 | D:4      | Killed Natasha
  4105 | D:4      | Reached ** piety under Okawaru
  4178 | D:4      | Noticed Grinder
  4179 | D:4      | Found a blossoming altar of Fedhas.
  4207 | D:4      | Killed Grinder
  4207 | D:4      | Reached skill level 7 in Transmutations
  4583 | D:5      | Entered Level 5 of the Dungeon
  4589 | D:5      | Reached *** piety under Okawaru
  4653 | D:5      | Reached skill level 8 in Transmutations
  4653 | D:5      | Reached XP level 8. HP: 38/48 MP: 11/11
  4804 | D:5      | Slain by a centaur

Skill      XL: |  1  2  3  4  5  6  7 |
---------------+----------------------+-----
Unarmed Combat | 4 5 |  5.0
Transmutations | 5 6 8 |  8.2
Fighting       | |  1.0
Dodging        | |  2.0
Spellcasting   | |  2.0

Action                   |  1- 3 |  4- 6 |  7- 9 || total
-------------------------+-------+-------+-------++-------
Melee: Unarmed           |    91 |    82 |    73 ||   246
       Constrict         |    29 |    15 |    11 ||    55
       Tentacles         |    14 |     7 |     6 ||    27
       Punch             |     2 |     1 |     1 ||     4
       Kick              |     8 |     6 |       ||    14
 Cast: Beastly Appendage |     2 |     5 |       ||     7
       Sticks to Snakes  |       |    13 |    11 ||    24
       Spider Form       |       |     4 |     8 ||    12
  Use: Potion            |       |     1 |       ||     1
 Stab: Sleeping          |     6 |     8 |       ||    14
  Eat: Bread ration      |     1 |       |     2 ||     3
       Meat ration       |       |     1 |       ||     1
Armor: Skin              |     2 |     5 |     1 ||     8
Dodge: Dodged            |    37 |    41 |    47 ||   125
